 Dungeon Sprint DCSS version 0.21.0-24-g2553a33 (webtiles) character file.

61494 wojtek the Executioner (level 13, -7/136 HPs)
             Began as a Minotaur Berserker on Jan 20, 2018.
             Was the Champion of Trog.
             Mangled by a sun demon (17 damage)
             ... summoned by an orc high priest
             ... in the Dungeon (Sprint III: "The Ten Rune Challenge").
             The game lasted 00:13:37 (4909 turns).

wojtek the Executioner (Minotaur Berserker)         Turns: 4909, Time: 00:13:38

Health: -7/136     AC: 17    Str: 27    XL:     13   Next: 37%
Magic:  12/12      EV: 20    Int:  7    God:    Trog [******]
Gold:   709        SH:  0    Dex: 16    Spells: 12/12 levels left

rFire    + . .     SeeInvis .   a - +4 battleaxe of Bodily Harmony {chop, rC+ Dex+6}
rCold    + + .     Gourm    .   (shield currently unavailable)
rNeg     + . .     Faith    .   F - +1 chain mail of Mumblety Peg {rN+} (curse)
rPois    .         Spirit   .   y - +2 hat {Int+3}
rElec    .         Reflect  .   H - scarf {repulsion}
rCorr    .         Harm     .   (no gloves)
MR       .....     NoTele   +   (no boots)
Stlth    ..........             (no amulet)
HPRegen  0.32/turn              C - ring of protection from fire
MPRegen  0.13/turn              D - ring of protection from cold

@: drained, repel missiles
A: retaliatory headbutt, horns 2
}: 2/10 runes: decaying, serpentine
a: Berserk, Trog's Hand, Brothers in Arms, Burn Spellbooks, Renounce Religion


You were in the Dungeon.
You worshipped Trog.
Trog was exalted by your worship.
You were not hungry.

You visited 1 branch You collected 2253 gold pieces.
You spent 1544 gold pieces at shops.

Inventory:

Hand Weapons
 a - the +4 battleaxe of Bodily Harmony (weapon) {chop, rC+ Dex+6}
   (Trog gifted it to you in the Dungeon)

   It inflicts extra damage upon your enemies.
   It affects your dexterity (+6).
   It protects you from cold.
 b - a +6 antimagic battleaxe
 p - a +1 antimagic broad axe
 q - a +3 antimagic battleaxe
 u - a +4 antimagic battleaxe
 w - a +2 antimagic battleaxe
 B - a +4 vampiric executioner's axe
 I - a +1 antimagic executioner's axe
 K - a +5 antimagic battleaxe
Armour
 v - a +0 plate armour
 y - a +2 hat of intelligence (worn)
 E - the +1 scale mail of Verph {MR- Int+3 Stlth+}
   (You bought it in a shop in the Dungeon)

   It affects your intelligence (+3).
   It affects your resistance to hostile enchantments.
   It makes you more stealthy.
 F - the cursed +1 chain mail of Mumblety Peg (worn) {rN+}
   (You bought it in a shop in the Dungeon)

   It protects you from negative energy.
   It has a curse placed upon it.
 G - +0 ice dragon scales
 H - a scarf of repulsion (worn)
Jewellery
 x - an uncursed ring of poison resistance
 C - a ring of protection from fire (left hand)
 D - a ring of protection from cold (right hand)
 P - a +5 amulet of reflection {unknown}
Wands
 s - a wand of polymorph (9)
Scrolls
 i - a scroll of blinking
 k - 2 scrolls of torment {unknown}
 l - 5 scrolls of identify
 m - 2 scrolls of remove curse
 J - a scroll of summoning {unknown}
 N - a scroll of magic mapping {unknown}
 O - a scroll of enchant weapon {unknown}
Potions
 e - a potion of heal wounds
 f - a potion of haste
 g - 2 potions of magic
 h - a potion of berserk rage
 j - 3 potions of mutation {unknown}
 n - 3 potions of flight
 o - a potion of brilliance {unknown}
 r - a potion of might
 z - 2 potions of lignification {unknown}
 A - a potion of agility {unknown}
 M - a potion of curing
Miscellaneous
 t - a fan of gales
 L - a lamp of fire
Comestibles
 c - 17 rations
 d - 7 chunks of flesh


   Skills:
 + Level 18.7(18.4) Fighting
 * Level 24.5(24.2) Axes
 + Level 18.5(18.2) Armour
 + Level 17.2(16.9) Dodging


You had 12 spell levels left.
You didn't know any spells.

Dungeon Overview and Level Annotations

Branches:
Dungeon (1/1)

Altars:
Cheibriados
Dithmenos
Elyvilon
Fedhas
Gozag
Hepliaklqana
Kikubaaqudgha
Makhleb
Nemelex Xobeh
Okawaru
Qazlal
Ru
Sif Muna
Trog
Uskayaw
Vehumet
Wu Jian
Xom
Yredelemnul
Zin
The Shining One
Beogh
Jiyva
Lugonu

Shops:
D ![=:[?=


Innate Abilities, Weirdness & Mutations

You reflexively headbutt those who attack you in melee.
You have a pair of horns on your head.


Message History

You partially resist.
You feel drained.
The orc high priest completely misses you.
The orc high priest mumbles some strange prayers to Beogh.
The orc priest miscasts a cantrip.
You feel much better.
The sun demon hits you but does no damage.
The soul eater completely misses you.
The orc high priest completely misses you.
The orc high priest misses you. You furiously retaliate!
You headbutt the orc high priest, but do no damage.
The sun demon hits you!
* * * LOW HITPOINT WARNING * * *
You are engulfed in flames!
You resist.
* * * LOW HITPOINT WARNING * * *
The chaos spawn misses you. You furiously retaliate!
You headbutt the chaos spawn, but do no damage.
Your cyclops goes berserk!
You feel somewhat more hungry. The soul eater barely misses you.
The sun demon hits you!
You die...

♣♣♣♣♣♣♣♣♣♣PP##(#.#.##########
♣♣♣##'########
♣♣♣♣♣♣♣♣♣♣♣♣#.(.'.≈≈§≈#
#≈≈≈≈≈≈..#)§#)).#.≈≈≈§#
#≈≈≈≈≈...#)§#...#.#≈§≈#
#'≈≈≈≈§####'#####.# ≈≈≈#
.#≈≈......§§#.P..C# §≈≈≈
.#≈())#######..3o4# §§≈
##...#......#.o3@.# §≈
.....#♣♣♣._.#..ooP# § ######
#####+##### ♣♣ .♣ .♣♣ ######
♣[♣ #....# .♣♣ #....# .♣♣
#....#


You could see a soul eater, 2 orc high priests, a sun demon, a chaos spawn, 2
orc priests and a friendly cyclops (berserk).

Vanquished Creatures
  Sigmund (D)
  Rupert (D)
  A naga warrior (D)
  4 ice dragons (D)
  A hydra (D)
  A centaur warrior (D)
  Erica (D)
  5 anacondas (D)
  4 death yaks (D)
  Urug (D)
  A spriggan druid (D)
  An unseen horror (D)
  2 orc sorcerers (D)
  A lindwurm (D)
  A deep elf mage (D)
  A guardian serpent (D)
  6 black mambas (D)
  Edmund (D)
  2 spiny frogs (D)
  A rime drake (D)
  A komodo dragon (D)
  A queen bee (D)
  8 blink frogs (D)
  2 tyrant leeches (D)
  3 wandering mushrooms (D)
  2 spriggans (D)
  3 redbacks (D)
  A shadow (D)
  A spatial vortex (D)
  2 hydra simulacra (D)
  5 water moccasins (D)
  2 nagas (D)
  A swamp drake (D)
  4 orc warriors (D)
  A necrophage (D)
  2 centaurs (D)
  An earth elemental (D)
  A water elemental (D)
  A scorpion (D)
  29 killer bees (D)
  An electric eel (D)
  A jelly (D)
  2 orc wizards (D)
  2 orc priests (D)
  A wizard (D)
  A necromancer (D)
  A polar bear simulacrum (D)
  2 wolf simulacra (D)
  3 humans (D)
  A kobold demonologist (D)
  2 adders (D)
  An ooze (D)
  2 swamp drake simulacra (D)
  8 orcs (D)
  3 rats (D)
  6 plants (D)
145 creatures vanquished.

Vanquished Creatures (collateral kills)
  Gastronok (D)
  A nagaraja (D)
  2 dire elephants (D)
  2 hydras (D)
  A death drake (D)
  2 elephants (D)
  3 killer bees (D)
12 creatures vanquished.

Vanquished Creatures (others)
  2 draconian scorchers (D)
  Nessos (D)
  6 hellions (D)
  3 yaktaurs (D)
  5 plants (D)
17 creatures vanquished.

Grand Total: 174 creatures vanquished

Notes
Turn   | Place    | Note
-------+----------+-------------------------------------------
     0 | D        | wojtek the Minotaur Berserker began the quest for the Orb.
     0 | D        | Reached XP level 1. HP: 19/19 MP: 0/0
    11 | D        | Reached skill level 4 in Axes
    27 | D        | Reached ** piety under Trog
    38 | D        | Killed a yaktaur
    67 | D        | Reached skill level 5 in Axes
    67 | D        | Reached XP level 2. HP: 19/28 MP: 1/1
    89 | D        | Killed a hellion
   100 | D        | Killed a hellion
   101 | D        | Killed a hellion
   101 | D        | Killed a hellion
   102 | D        | Killed a hellion
   102 | D        | Killed a hellion
   143 | D        | Killed a white draconian scorcher
   144 | D        | Killed a white draconian scorcher
   212 | D        | Noticed a scorpion
   220 | D        | Killed a scorpion
   220 | D        | Reached skill level 5 in Fighting
   220 | D        | Reached skill level 7 in Axes
   220 | D        | Reached XP level 3. HP: 11/36 MP: 2/2
   220 | D        | Reached XP level 4. HP: 13/42 MP: 3/3
   503 | D        | Noticed a water elemental
   509 | D        | Killed a water elemental
   509 | D        | Reached *** piety under Trog
   509 | D        | Reached skill level 8 in Axes
   509 | D        | Reached skill level 5 in Armour
   509 | D        | Reached skill level 5 in Dodging
   743 | D        | Found a radiant altar of Vehumet.
   743 | D        | Found a deep blue altar of Sif Muna.
   743 | D        | Found an ancient bone altar of Kikubaaqudgha.
   743 | D        | Noticed a wizard
   751 | D        | Killed a wizard
   751 | D        | Reached XP level 5. HP: 46/51 MP: 4/4
   752 | D        | Reached skill level 9 in Axes
   860 | D        | Found a glowing silver altar of Zin.
   861 | D        | Found a glowing golden altar of the Shining One.
   861 | D        | Found a white marble altar of Elyvilon.
   861 | D        | Noticed a deep elf mage
   865 | D        | Reached **** piety under Trog
   866 | D        | Killed a deep elf mage
   866 | D        | Reached skill level 11 in Axes
   866 | D        | Reached XP level 6. HP: 63/63 MP: 5/5
   866 | D        | Reached XP level 7. HP: 70/70 MP: 6/6
   875 | D        | Found a hide-covered altar of Uskayaw.
   875 | D        | Found a roughly hewn altar of Beogh.
   875 | D        | Found an iron altar of Okawaru.
   875 | D        | Found a bloodstained altar of Trog.
   875 | D        | Found an ornate altar of the Wu Jian Council.
   875 | D        | Noticed a human
   876 | D        | Noticed a human
   879 | D        | Killed a human
   879 | D        | Reached ***** piety under Trog
   879 | D        | Reached skill level 12 in Axes
   884 | D        | Killed a human
   932 | D        | Found a basalt altar of Yredelemnul.
   932 | D        | Found a shadowy altar of Dithmenos.
   932 | D        | Found a sacrificial altar of Ru.
   937 | D        | Received a gift from Trog
   941 | D        | Reached skill level 10 in Fighting
   941 | D        | Reached skill level 13 in Axes
   946 | D        | Got a slimy battleaxe {god gift}
   947 | D        | Identified the +4 battleaxe of Bodily Harmony {chop, rC+ Dex+6} (Trog gifted it to you in the Dungeon)
   995 | D        | Noticed a shadow
   996 | D        | Killed a shadow
   996 | D        | Reached XP level 8. HP: 78/78 MP: 7/7
  1006 | D        | Found a blossoming altar of Fedhas.
  1006 | D        | Found a stormy altar of Qazlal.
  1007 | D        | Found a snail-covered altar of Cheibriados.
  1007 | D        | Found a burning altar of Makhleb.
  1007 | D        | Found a hazy altar of Hepliaklqana.
  1007 | D        | Found a shimmering altar of Xom.
  1007 | D        | Found an opulent altar of Gozag.
  1007 | D        | Found a sparkling altar of Nemelex Xobeh.
  1007 | D        | Found a corrupted altar of Lugonu.
  1007 | D        | Found a viscous altar of Jiyva.
  1012 | D        | Reached skill level 10 in Armour
  1025 | D        | Noticed Erica
  1032 | D        | Killed Erica
  1032 | D        | Reached skill level 14 in Axes
  1032 | D        | Reached skill level 10 in Dodging
  1046 | D        | Reached XP level 9. HP: 88/88 MP: 8/8
  1061 | D        | Noticed an orc sorcerer
  1061 | D        | Noticed an orc sorcerer
  1066 | D        | Reached skill level 15 in Axes
  1073 | D        | Killed an orc sorcerer
  1073 | D        | Received a gift from Trog
  1079 | D        | Noticed a rust devil
  1079 | D        | Killed an orc sorcerer
  1079 | D        | Reached skill level 16 in Axes
  1081 | D        | Received a gift from Trog
  1085 | D        | Reached ****** piety under Trog
  1193 | D        | Found Faonkeet's Book Emporium.
  1323 | D        | Noticed a centaur warrior
  1327 | D        | Received a gift from Trog
  1331 | D        | Killed a centaur warrior
  1331 | D        | Reached skill level 17 in Axes
  1331 | D        | Reached XP level 10. HP: 76/99 MP: 9/9
  1433 | D        | Killed an unseen horror
  1521 | D        | Received a gift from Trog
  1538 | D        | Received a gift from Trog
  1738 | D        | Received a gift from Trog
  1742 | D        | Reached skill level 18 in Axes
  1764 | D        | Received a gift from Trog
  1995 | D        | Noticed a spiny frog
  1995 | D        | Noticed a spiny frog
  2005 | D        | Killed a spiny frog
  2005 | D        | Received a gift from Trog
  2011 | D        | Killed a spiny frog
  2024 | D        | Killed Nessos
  2328 | D        | Received a gift from Trog
  2328 | D        | Reached skill level 19 in Axes
  2328 | D        | Reached XP level 11. HP: 110/110 MP: 10/10
  2390 | D        | Noticed Rupert
  2400 | D        | Killed Rupert
  2400 | D        | Received a gift from Trog
  2400 | D        | Reached skill level 15 in Fighting
  2414 | D        | Noticed a dire elephant
  2414 | D        | Reached skill level 20 in Axes
  2415 | D        | Noticed a dire elephant
  2415 | D        | Killed a dire elephant
  2415 | D        | Reached skill level 15 in Armour
  2418 | D        | Killed a dire elephant
  2422 | D        | Noticed Gastronok
  2424 | D        | Killed Gastronok
  2453 | D        | Noticed an azure jelly
  2453 | D        | Noticed an azure jelly
  2453 | D        | Noticed an azure jelly
  2454 | D        | Noticed an azure jelly
  2468 | D        | Noticed a death yak
  2469 | D        | Noticed a death yak
  2471 | D        | Noticed a death yak
  2472 | D        | Noticed a death yak
  2477 | D        | Killed a death yak
  2481 | D        | Killed a death yak
  2481 | D        | Received a gift from Trog
  2630 | D        | Reached skill level 21 in Axes
  2639 | D        | Killed a death yak
  2648 | D        | Killed a death yak
  2648 | D        | Reached XP level 12. HP: 79/121 MP: 11/11
  2812 | D        | Noticed an anaconda
  2812 | D        | Noticed an anaconda
  2820 | D        | Killed an anaconda
  2820 | D        | Reached skill level 15 in Dodging
  2821 | D        | Killed an anaconda
  2977 | D        | Noticed an anaconda
  2980 | D        | Received a gift from Trog
  2981 | D        | Killed an anaconda
  2981 | D        | Reached skill level 22 in Axes
  3104 | D        | Received a gift from Trog
  3112 | D        | Noticed an anaconda
  3112 | D        | Noticed an anaconda
  3123 | D        | Killed an anaconda
  3124 | D        | Killed an anaconda
  3240 | D        | Noticed a naga warrior
  3240 | D        | Noticed a nagaraja
  3243 | D        | Found Feosappilley's Distillery.
  3243 | D        | Found Neoptip's Antique Armour Emporium.
  3245 | D        | Received a gift from Trog
  3248 | D        | Killed a nagaraja
  3253 | D        | Killed a naga warrior
  3296 | D        | Found Veckep's Jewellery Shop.
  3424 | D        | Got a serpentine rune of Zot
  3436 | D        | Bought an uncursed ring of poison resistance for 220 gold pieces
  3436 | D        | Bought an uncursed ring of protection from fire for 275 gold pieces
  3436 | D        | Bought an uncursed ring of protection from cold for 275 gold pieces
  3437 | D        | Bought a slimy scale mail for 252 gold pieces
  3437 | D        | Bought a pitted chain mail for 266 gold pieces
  3448 | D        | Identified the +1 scale mail of Verph {MR- Int+3 Stlth+} (You bought it in a shop in the Dungeon)
  3458 | D        | Identified the cursed +1 chain mail of Mumblety Peg {rN+} (You bought it in a shop in the Dungeon)
  3564 | D        | Received a gift from Trog
  3636 | D        | Reached skill level 23 in Axes
  3649 | D        | Noticed Urug
  3657 | D        | Killed Urug
  3783 | D        | Noticed an eight-headed hydra
  3783 | D        | Noticed a five-headed hydra
  3791 | D        | Killed a six-headed hydra
  3793 | D        | Killed a seven-headed hydra
  3935 | D        | Received a gift from Trog
  4163 | D        | Noticed an ice dragon
  4174 | D        | Killed an ice dragon
  4174 | D        | Reached XP level 13. HP: 130/133 MP: 12/12
  4319 | D        | Found Umimorch's Antique Armour Emporium.
  4319 | D        | Found Suduaghu's Magic Scroll Shop.
  4320 | D        | Found Syqydghu's Jewellery Shoppe.
  4327 | D        | Bought an embroidered scarf for 256 gold pieces
  4346 | D        | Received a gift from Trog
  4353 | D        | Got a decaying rune of Zot
  4535 | D        | Found a blossoming altar of Fedhas.
  4689 | D        | Received a gift from Trog
  4805 | D        | Reached skill level 24 in Axes
  4873 | D        | Noticed Sigmund
  4873 | D        | Noticed Edmund
  4877 | D        | Killed Sigmund
  4883 | D        | Killed Edmund
  4909 | D        | Mangled by a sun demon

Skill      XL: |  1  2  3  4  5  6  7  8  9 10 11 12 13 |
---------------+----------------------------------------+-----
Fighting       | 4 5 6 9 10 11 12 14 16 17 18 | 18.7
Axes           | 5 7 8 11 13 14 17 19 21 23 24 | 24.5
Armour         | 3 4 6 8 9 11 12 14 16 17 18 | 18.5
Dodging        | 3 4 5 7 9 10 11 13 14 16 17 | 17.2

Action                   |  1- 3 |  4- 6 |  7- 9 | 10-12 | 13-15 || total
-------------------------+-------+-------+-------+-------+-------++-------
Melee: Hand axe          |    24 |    13 |    13 |       |       ||    50
       Headbutt          |     5 |     3 |    17 |    68 |    19 ||   112
       Battleaxe         |       |       |    49 |   228 |    51 ||   328
Invok: Berserk           |     1 |     2 |     2 |     1 |       ||     6
       Burn Spellbooks   |       |     1 |       |       |       ||     1
       Brothers in Arms  |       |       |       |     6 |     1 ||     7
  Use: Potion            |       |       |       |     1 |     1 ||     2
 Stab: Distracted        |       |       |     1 |       |       ||     1
  Eat: Ration            |       |     1 |       |     2 |       ||     3
       Chunk             |       |       |     3 |     6 |     2 ||    11
Armor: Animal skin       |     2 |       |       |       |       ||     2
       Ring mail         |       |       |     3 |       |       ||     3
       Plate armour      |       |       |     3 |    59 |       ||    62
       Chain mail        |       |       |       |     9 |    24 ||    33
Dodge: Dodged            |    12 |     3 |    23 |   159 |    53 ||   250
       Deflected         |       |       |       |       |     1 ||     1
